 Dungeon Crawl Stone Soup version 0.23.2-1-ga50397a (webtiles) character file.

Game seed: 15133316670065516760

183 Gadfly the Chopper (level 5, -8/45 HPs)
             Began as a Hill Orc Abyssal Knight on Apr 24, 2019.
             Was a Believer of Lugonu.
             Mangled by an ogre
             ... wielding a +0 giant club
              (18 damage)
             ... on level 3 of the Dungeon.
             The game lasted 00:03:46 (3647 turns).

Gadfly the Chopper (Hill Orc Abyssal Knight)        Turns: 3647, Time: 00:03:46

Health: -8/45      AC:  9    Str: 16    XL:     5   Next: 62%
Magic:  17/17      EV:  6    Int: 12    God:    Lugonu [**....]
Gold:   260        SH:  0    Dex: 10    Spells: 4/4 levels left

rFire    . . .     SeeInvis .   a - +2 hand axe
rCold    . . .     Gourm    .   (no shield)
rNeg     . . .     Faith    .   j - +1 chain mail
rPois    .         Spirit   .   (no helmet)
rElec    .         Reflect  .   (no cloak)
rCorr    .         Harm     .   (no gloves)
MR       .....                  (no boots)
Stlth    ..........             (no amulet)
HPRegen  0.15/turn              k - ring of magical power
MPRegen  0.15/turn              (no ring)

@: no status effects
A: no striking features
a: Depart the Abyss, Bend Space, Renounce Religion


You were on level 3 of the Dungeon.
You worshipped Lugonu.
Lugonu was pleased with you.
You were not hungry.

You visited 1 branch of the dungeon, and saw 4 of its levels.
You visited the Abyss 1 time.

You collected 260 gold pieces.

Inventory:

Hand Weapons
 a - a +2 hand axe (weapon)
Armour
 j - a +1 chain mail (worn)
Jewellery
 k - a ring of magical power (left hand)
Scrolls
 g - a scroll of magic mapping
 h - a scroll of teleportation
 i - a scroll of noise {unknown}
Potions
 b - a potion of berserk rage
 e - a potion of lignification
 f - a potion of magic
 m - a potion of flight
 p - a potion of curing {unknown}
Comestibles
 c - 5 rations
 d - 4 chunks of flesh


   Skills:
 - Level 3.6 Fighting
 * Level 6.3 Axes
 - Level 2.1 Armour
 - Level 0.7 Dodging
 + Level 4.6 Invocations


You had 4 spell levels left.
You didn't know any spells.
Your spell library was empty.

Dungeon Overview and Level Annotations

Branches:
Dungeon (4/15)
 Temple: D:4-7

Altars:
Fedhas
Wu Jian


Message History

The ogre is lightly wounded.
You hit the ogre.
The ogre is moderately wounded.
The ogre hits you with a +0 giant club!
You hit the ogre.
The ogre is heavily wounded.
The ogre barely misses you.
You hit the ogre.
The ogre is heavily wounded.
The ogre hits you with a +0 giant club.
You hit the ogre but do no damage.
The ogre is heavily wounded.
You slash the ogre!
The ogre is severely wounded.
The ogre hits you with a +0 giant club!!
* * * LOW HITPOINT WARNING * * *
You hit the ogre.
The ogre is almost dead.
The ogre hits you with a +0 giant club!!
You die...

##.....# ##### #.# #.# #.....
###....#####...# #.# #.# #...#.
...............# #.#####.#######.
#####.######...###.............#.
#.# ##............#####.#. #>#
############## #..... #.# #.#...
#.# ############ #.#.#. #.#
#...@O.....# #.#... #.#
#.########.# #.#.## #.# #.# #.#
#.#.## ##.## #.# #.# #[#.##
#...######.# #.# #.#.##
#..........# #.# #.....
#...######## #.#######... #####
#.........## ########....


You could see an ogre.

Vanquished Creatures
  A scorpion (D:4)
  A hound skeleton (D:4)
  3 adders
  2 oozes
  5 worms
  A dart slug (D:1)
  5 leopard geckos
  3 orcs (D:4)
  4 bats
  5 giant cockroaches
  8 goblins
  5 hobgoblins
  2 jackals (D:2)
  2 quokkas
  2 frilled lizards
  8 kobolds
  A quokka skeleton (D:3)
  7 rats
  A fungus (D:3)
66 creatures vanquished.

Vanquished Creatures (others)
  3 toadstools (D:3)
3 creatures vanquished.

Grand Total: 69 creatures vanquished

Notes
Turn   | Place    | Note
-------+----------+-------------------------------------------
     0 | Abyss:1  | Gadfly the Hill Orc Abyssal Knight began the quest for the
                  | Orb.
     0 | Abyss:1  | Reached XP level 1. HP: 19/19 MP: 2/2
    31 | Abyss:1  | Noticed a smoke demon
    43 | D:1      | Escaped the Abyss
   141 | D:1      | Reached skill level 3 in Axes
   225 | D:1      | Reached XP level 2. HP: 25/26 MP: 4/4
  1289 | D:2      | Reached skill level 4 in Axes
  1383 | D:2      | Reached XP level 3. HP: 30/31 MP: 5/5
  1388 | D:2      | Found a blossoming altar of Fedhas.
  1518 | D:2      | Reached ** piety under Lugonu
  1817 | D:2      | Found an ornate altar of the Wu Jian Council.
  1876 | D:2      | Reached XP level 4. HP: 39/39 MP: 6/6
  2002 | D:2      | Reached skill level 5 in Axes
  3381 | D:4      | Reached XP level 5. HP: 37/45 MP: 8/8
  3384 | D:4      | Reached skill level 6 in Axes
  3630 | D:4      | Noticed an ogre
  3647 | D:3      | Mangled by an ogre

Skill      XL: |  1  2  3  4  5 |
---------------+----------------+-----
Axes           | 3 4 5 6 |  6.3
Invocations    | 3 4 |  4.6
Fighting       | |  3.6
Armour         | |  2.1
Dodging        | |  0.7

Action                   |  1- 3 |  4- 6 || total
-------------------------+-------+-------++-------
Melee: Hand axe          |   112 |   150 ||   262
  Use: Scroll            |     4 |     8 ||    12
       Potion            |       |     1 ||     1
  Eat: Chunk             |     3 |     6 ||     9
Armor: Leather armour    |     7 |       ||     7
       Chain mail        |    61 |    79 ||   140
Dodge: Dodged            |    34 |    33 ||    67
